 Dungeon Crawl Stone Soup version 0.19.1-1-g22dce08 (webtiles) character file.

10501 graki42 the Thaumaturge (level 11, -9/56 HPs)
             Began as a Deep Elf Fire Elementalist on Jan 11, 2017.
             Was a Priest of Vehumet.
             Mangled by a skeletal warrior
             ... wielding a +0 trident
              (19 damage)
             ... on level 11 of the Dungeon.
             The game lasted 00:48:10 (10253 turns).

graki42 the Thaumaturge (DEFE)                     Turns: 10253, Time: 00:48:11

Health: -9/56      AC:  9    Str:  8    XL:     11   Next: 37%
Magic:  14/30      EV: 15    Int: 21    God:    Vehumet [***...]
Gold:   436        SH:  0    Dex: 15    Spells: 7 memorised, 17 levels left

rFire  . . .     SeeInvis +     v - +5 quarterstaff (chaos)
rCold  . . .     Gourm    .     T - +1 robe {MR+}
rNeg   . . .     Faith    .     (shield currently unavailable)
rPois  +         Spirit   .     F - +2 helmet {SInv}
rElec  .         Reflect  .     w - +1 cloak
rCorr  .         Harm     .     n - +0 pair of gloves
MR     +++..                    (no boots)
Stlth  ++........               s - amulet of rage
                                J - ring of protection from magic
                                P - ring of poison resistance

@: no status effects
A: no striking features
a: Renounce Religion, Evoke Berserk Rage


You were on level 11 of the Dungeon.
You worshipped Vehumet.
Vehumet was most pleased with you.
You were hungry.

You visited 3 branches of the dungeon, and saw 13 of its levels.

You collected 698 gold pieces.
You spent 262 gold pieces at shops.

Inventory:

Hand Weapons
 e - a +0 dagger
 v - a +5 quarterstaff of chaos (weapon)
Armour
 n - a +0 pair of gloves (worn)
 w - a +1 cloak (worn)
 F - a +2 helmet of see invisible (worn)
 T - a +1 robe of magic resistance (worn)
Magical Staves
 A - an uncursed staff of poison
Jewellery
 p - an uncursed ring of loudness
 s - an amulet of rage (around neck)
 B - a +3 ring of intelligence
 E - an uncursed ring of flight
 I - an uncursed ring of positive energy
 J - a ring of protection from magic (right hand)
 P - a ring of poison resistance (left hand)
Wands
 z - a wand of lightning (8/15)
 C - a wand of confusion (39/48)
 R - a wand of iceblast (11/15)
Scrolls
 b - 6 scrolls of identify
 d - 5 scrolls of teleportation
 l - 3 scrolls of enchant weapon
 m - 4 scrolls of recharging
 q - 8 scrolls of remove curse
 u - a scroll of blinking {unknown}
 y - 2 scrolls of fog
 D - 2 scrolls of amnesia {unknown}
 G - a scroll of immolation
 H - a scroll of summoning {unknown}
 K - a scroll of holy word {unknown}
 L - 3 scrolls of fear {unknown}
 M - a scroll of vulnerability {unknown}
Potions
 g - a potion of mutation
 h - 6 potions of heal wounds
 i - a potion of lignification
 j - a potion of resistance
 k - 5 potions of curing
 o - 4 potions of agility
 r - 3 potions of magic
 x - 5 potions of might
 O - a potion of haste
 S - a potion of flight
Books
 N - a book of Geomancy

   Spells                             Type                      Level
   a - Sandblast                      Earth                        1
   b - Passwall                       Transmutation/Earth          2
   c - Stone Arrow                    Conjuration/Earth            3
   d - Petrify                        Transmutation/Earth          4
   e - Lee's Rapid Deconstruction     Earth                        5
Comestibles
 c - 7 bread rations
 f - 3 beef jerkies
 t - 7 meat rations


   Skills:
 + Level 1.0 Fighting
 + Level 2.1 Staves
 + Level 4.7 Dodging
 + Level 3.5 Stealth
 + Level 13.6 Spellcasting
 + Level 9.8 Conjurations
 + Level 3.1 Hexes
 + Level 10.8 Fire Magic
 * Level 3.2 Earth Magic
 + Level 0.2 Evocations


You had 17 spell levels left.
You knew the following spells:

 Your Spells              Type           Power        Failure   Level  Hunger
a - Flame Tongue          Conj/Fire      #####        1%          1    None
b - Conjure Flame         Conj/Fire      ######..     1%          3    None
c - Inner Flame           Hex/Fire       #####...     1%          3    None
d - Sticky Flame          Conj/Fire      ######..     1%          4    None
e - Fireball              Conj/Fire      ######....   1%          5    ###....
f - Magic Dart            Conj           ####         1%          1    None
g - Stone Arrow           Conj/Erth      #####.       1%          3    None


Dungeon Overview and Level Annotations

Branches:
Dungeon (11/15)            Temple (1/1) D:4             Orc (1/2) D:9
   Lair: D:8-11

Altars:
Cheibriados
Dithmenos
Elyvilon
Hepliaklqana
Qazlal
Sif Muna
Vehumet
Yredelemnul

Shops:
D:5 %   D:7 [


Message History

Confirm with . or Enter, or press ? or * to list all spells.
Aiming: Fireball
Press: ? - help, Shift-Dir - straight line, f/p - death knight
Aim: a death knight, wielding a morningstar and wearing a chain mail (severely wounded, reflecting injuries)
The fireball explodes!
The fireball engulfs the death knight.
The death knight is almost dead.
The fireball engulfs the skeletal warrior.
The skeletal warrior is heavily damaged.
The fireball engulfs the wraith.
You destroy the wraith!
Vehumet accepts your kill.
You feel your power returning.
The death knight reflects your damage back at you!
You hear a roar!
The death knight invokes the aid of Yredelemnul against you.
You resist with almost no effort.
The skeletal warrior hits you from afar with a trident!
* * * LOW HITPOINT WARNING * * *
The skeletal warrior hits you from afar with a trident!!
You die...

........................
.....................#.#
......................##
.........)...........###
.....................###
.........(...........##.
........pz..........###.
.......[................
.......@.....#..........
...#.......###...#..#...
>...........###....###.#
.#...........###....##.#
##.......#.## ###......
###..#.#### ##..#.#
####.. #...## ... ##.##
##. ###


You could see a death knight and a skeletal warrior.

Vanquished Creatures
  Erica (D:11)
  A death knight (D:11)
  The ghost of Thrillho the Thaumaturge, a journeyman DEFE of Vehumet (D:10)
  2 hill giants (D:10)
  Pikel (D:5)
  A gargoyle (D:10)
  A two-headed ogre (D:8)
  Grinder (D:4)
  2 hippogriffs (D:8)
  Sigmund (D:3)
  A wraith (D:11)
  4 yaks (D:9)
  A wyvern (D:7)
  2 hungry ghosts
  Edmund (D:4)
  7 orc warriors
  3 slaves (D:5)
  A sky beast (D:6)
  2 phantoms
  4 ice beasts
  2 necrophages
  4 ogres
  3 centaurs
  A wyvern zombie (D:7)
  8 bullfrogs
  Blork the orc (D:5)
  A gnoll sergeant (D:7)
  A scorpion (D:6)
  6 killer bees (D:7)
  A howler monkey (D:5)
  4 wights (D:8)
  2 vampire bats (D:6)
  4 crimson imps
  5 bullfrog zombies
  5 orc priests
  4 hounds
  A jelly (D:8)
  Crazy Yiuf (D:3)
  A bullfrog skeleton (D:11)
  Jessica (D:2)
  3 iguanas
  Ijyb (D:3)
  7 orc wizards
  6 worker ants
  A howler monkey zombie (D:4)
  A howler monkey skeleton (D:10)
  6 gnolls
  13 adders
  2 river rats (D:5)
  A shadow imp (D:7)
  2 oozes
  An adder skeleton (D:8)
  A worm (D:2)
  A dart slug (D:1)
  6 leopard geckos
  29 orcs
  7 giant cockroaches
  15 goblins
  14 hobgoblins
  12 jackals
  6 quokkas
  19 bats
  4 frilled lizards
  A jackal zombie (D:5)
  4 kobolds
  2 quokka skeletons
  8 rats
  A fungus (D:3)
268 creatures vanquished.

Notes
Turn   | Place    | Note
-------+----------+-------------------------------------------
     0 | D:1      | graki42 the Deep Elf Fire Elementalist began the quest for the Orb.
     0 | D:1      | Reached XP level 1. HP: 10/10 MP: 6/6
   148 | D:1      | Reached XP level 2. HP: 15/15 MP: 5/8
   886 | D:2      | Reached XP level 3. HP: 19/19 MP: 8/10
   993 | D:2      | Noticed Jessica
  1000 | D:2      | Killed Jessica
  1000 | D:2      | Reached skill level 4 in Spellcasting
  1089 | D:2      | Learned a level 3 spell: Conjure Flame
  1093 | D:2      | Learned a level 3 spell: Inner Flame
  1270 | D:2      | Reached XP level 4. HP: 21/24 MP: 6/12
  1967 | D:3      | Noticed Sigmund
  2187 | D:3      | Killed Sigmund
  2187 | D:3      | Reached skill level 5 in Spellcasting
  2187 | D:3      | Reached XP level 5. HP: 16/28 MP: 2/14
  2335 | D:3      | Reached skill level 5 in Fire Magic
  2358 | D:3      | Reached XP level 6. HP: 32/32 MP: 1/16
  2486 | D:3      | Noticed Ijyb
  2517 | D:3      | Killed Ijyb
  3175 | D:3      | Found a runed door.
  3179 | D:3      | Noticed Crazy Yiuf
  3183 | D:3      | Killed Crazy Yiuf
  3253 | D:4      | Reached skill level 6 in Spellcasting
  3329 | D:4      | Noticed Edmund
  3354 | D:4      | Killed Edmund
  3354 | D:4      | Reached skill level 1 in Hexes
  3354 | D:4      | Reached XP level 7. HP: 36/36 MP: 5/18
  3491 | D:4      | Learned a level 4 spell: Sticky Flame
  3497 | D:4      | Learned a level 5 spell: Fireball
  3840 | D:4      | Found a staircase to the Ecumenical Temple.
  3856 | Temple   | Entered the Ecumenical Temple
  3864 | Temple   | Became a worshipper of Vehumet
  4022 | D:4      | Reached skill level 7 in Spellcasting
  4199 | D:5      | Entered Level 5 of the Dungeon
  4208 | D:5      | Found Meimn's Food Boutique.
  4218 | D:5      | Noticed Blork the orc
  4223 | D:5      | Noticed Pikel
  4262 | D:5      | Noticed Grinder
  4276 | D:4      | Paralysed by Grinder for 4 turns
  4286 | D:4      | Killed Grinder
  4395 | D:5      | HP: 1/36 [ogre/giant club (22)]
  4396 | D:5      | Reached skill level 5 in Conjurations
  4396 | D:5      | Reached XP level 8. HP: 1/41 MP: 13/21
  4474 | D:5      | Reached skill level 8 in Spellcasting
  4913 | D:5      | Killed Blork the orc
  4922 | D:5      | Reached * piety under Vehumet
  4922 | D:5      | Offered knowledge of Magic Dart by Vehumet.
  4926 | D:5      | Learned a level 1 spell: Magic Dart
  5152 | D:5      | Killed Pikel
  5152 | D:5      | Reached skill level 1 in Staves
  5152 | D:5      | Reached skill level 9 in Spellcasting
  5342 | D:6      | Reached XP level 9. HP: 46/46 MP: 14/24
  5532 | D:6      | Reached skill level 10 in Spellcasting
  5804 | D:6      | Offered knowledge of Sandblast by Vehumet.
  5862 | D:6      | Reached ** piety under Vehumet
  6320 | D:7      | Reached skill level 11 in Spellcasting
  6366 | D:7      | Found Ziekucvumoi's Antique Armour Emporium.
  6624 | D:7      | Reached XP level 10. HP: 23/51 MP: 7/27
  6844 | D:7      | Offered knowledge of Throw Frost by Vehumet.
  6863 | D:7      | Bought a glowing helmet for 262 gold pieces
  7444 | D:8      | Reached skill level 1 in Fighting
  7449 | D:8      | Reached *** piety under Vehumet
  7644 | D:8      | Got a scorched war axe
  7645 | D:8      | Identified the cursed +0 war axe of Uncertain Death {antimagic, rElec rF+ Str-3} (You found it on level 8 of the Dungeon)
  7809 | D:8      | Reached skill level 12 in Spellcasting
  8110 | D:9      | Reached skill level 10 in Fire Magic
  8166 | D:9      | Found a staircase to the Orcish Mines.
  8280 | D:9      | Offered knowledge of Stone Arrow by Vehumet.
  8285 | D:9      | Learned a level 3 spell: Stone Arrow
  8794 | Orc:1    | Entered Level 1 of the Orcish Mines
  8798 | Orc:1    | Noticed an orc knight
  8798 | Orc:1    | Noticed an orc sorcerer
  8897 | D:10     | Entered Level 10 of the Dungeon
  8990 | D:10     | Noticed a hill giant
  9023 | D:10     | Killed a hill giant
  9055 | D:10     | Noticed Thrillho's ghost (journeyman DEFE)
  9363 | D:10     | Noticed a gargoyle
  9370 | D:10     | Killed a gargoyle
  9370 | D:10     | Reached skill level 1 in Earth Magic
  9370 | D:10     | Reached XP level 11. HP: 56/56 MP: 2/29
  9814 | D:10     | Killed Thrillho's ghost
  9814 | D:10     | Reached skill level 13 in Spellcasting
  9838 | D:10     | Noticed a hill giant
  9951 | D:10     | Killed a hill giant
 10135 | D:11     | Noticed Erica
 10149 | D:11     | Killed Erica
 10236 | D:11     | Noticed a skeletal warrior
 10236 | D:11     | Noticed a death knight
 10236 | D:11     | Noticed a death knight
 10251 | D:11     | Killed a death knight
 10253 | D:11     | Mangled by a skeletal warrior

Skill      XL: |  1  2  3  4  5  6  7  8  9 10 11 |
---------------+----------------------------------+-----
Spellcasting   | 4 5 6 7 9 11 12 13 | 13.6
Fire Magic     | 4 5 6 8 9 10 | 10.8
Conjurations   | 3 5 7 9 |  9.8
Dodging        | 3 4 |  4.7
Hexes          | 1 2 3 |  3.1
Stealth        | 3 |  3.5
Staves         | 1 2 |  2.1
Fighting       | 1 |  1.0
Earth Magic    | 1 3 |  3.2
Evocations     | |  0.2

Action                   |  1- 3 |  4- 6 |  7- 9 | 10-12 || total
-------------------------+-------+-------+-------+-------++-------
Melee: Dagger            |     1 |    49 |       |       ||    50
       Quarterstaff      |       |       |    24 |     3 ||    27
 Cast: Flame Tongue      |    56 |    98 |   241 |   184 ||   579
       Conjure Flame     |       |     7 |    15 |     8 ||    30
       Inner Flame       |       |     3 |    14 |     8 ||    25
       Sticky Flame      |       |       |    11 |    14 ||    25
       Stone Arrow       |       |       |       |    22 ||    22
       Fireball          |       |       |       |    13 ||    13
       Magic Dart        |       |       |       |     2 ||     2
 Abil: Evoke Berserk Rag |       |     2 |       |       ||     2
Evoke: Wand              |       |       |       |     1 ||     1
  Use: Scroll            |       |     4 |    16 |     5 ||    25
       Potion            |       |       |     1 |       ||     1
  Eat: Chunk             |     1 |     8 |    11 |    13 ||    33
       Beef jerky        |       |       |     1 |       ||     1
Armor: Robe              |     2 |     9 |    19 |    31 ||    61
Dodge: Dodged            |     8 |    32 |    85 |    72 ||   197
